 Dungeon Crawl Stone Soup version 0.28-a0-1130-gc51a68064b (webtiles) character file.

Game seed: 6677703538865546955

17 Redcow54321 the Covert (level 2, 0/29 HPs)
             Began as a Gnoll Delver on Dec 13, 2021.
             Slain by an ice beast (2 damage)
             ... on level 6 of the Dungeon.
             The game lasted 00:01:35 (323 turns).

Redcow54321 the Covert (Gnoll Delver)                Turns: 323, Time: 00:01:35

Health: 0/29       AC:  3    Str: 11    XL:     2   Next: 62%
Magic:  2/2        EV: 13    Int:  9    God:
Gold:   20         SH:  0    Dex: 13    Spells: 2/2 levels left

rFire   . . .      SeeInvis .   a - +0 falchion
rCold   . . .      Faith    .   (no shield)
rNeg    . . .      Spirit   .   b - +0 leather armour
rPois   .          Reflect  .   (no helmet)
rElec   .          Harm     .   (no cloak)
rCorr   .          Rampage  .   (no gloves)
Will    .....                   (no boots)
Stlth   ++++......              (no amulet)
HPRegen 0.09/turn               (no ring)
MPRegen 0.08/turn               (no ring)

@: no status effects
A: fangs 1, strong nose, distributed training
a: no special abilities


You were on level 6 of the Dungeon.
You visited 1 branch of the dungeon, and saw 3 of its levels.

You collected 20 gold pieces.

Inventory:

Hand Weapons
 a - a +0 falchion (weapon)
Armour
 b - a +0 leather armour (worn)
Wands
 g - a wand of digging (3)
Scrolls
 c - a scroll of fog
 d - a scroll of magic mapping
 e - a scroll of fear
 i - a scroll of identify {unknown}
Potions
 f - a potion of haste
 h - a potion of resistance {unknown}
 j - a potion of might {unknown}


   Skills:
 + Level 6.5 Fighting
 + Level 0.5 Short Blades
 + Level 4.5 Long Blades
 + Level 0.5 Axes
 + Level 0.5 Maces & Flails
 + Level 0.5 Polearms
 + Level 0.5 Staves
 + Level 0.5 Slings
 + Level 0.5 Bows
 + Level 0.5 Crossbows
 + Level 0.5 Throwing
 + Level 0.5 Armour
 + Level 4.5 Dodging
 + Level 9.5 Stealth
 + Level 0.5 Shields
 + Level 0.5 Unarmed Combat
 + Level 0.5 Spellcasting
 + Level 0.3 Conjurations
 + Level 0.3 Hexes
 + Level 0.3 Summonings
 + Level 0.3 Necromancy
 + Level 0.3 Translocations
 + Level 0.3 Transmutations
 + Level 0.3 Fire Magic
 + Level 0.3 Ice Magic
 + Level 0.3 Air Magic
 + Level 0.3 Earth Magic
 + Level 0.3 Poison Magic
 + Level 0.6 Invocations
 + Level 0.5 Evocations


You had 2 spell levels left.
You didn't know any spells.
Your spell library was empty.

Dungeon Overview and Level Annotations

Branches:
Dungeon (7/15)
 Temple: D:4-7

Altars:


Innate Abilities, Weirdness & Mutations

You have very sharp teeth.
Your uncanny sense of smell can sniff out nearby items.
Your experience applies equally to all skills.


Message History

You kill the shadow imp!
You now have 20 gold pieces (gained 8).
You hear the brisk rusting of a distant drain.
Found a stone staircase leading down.
There is a stone staircase leading down here.
You hear the brisk rusting of a very distant drain.
An ice beast comes into view.
You hit the ice beast.
The ice beast is lightly wounded.
The ice beast barely misses you.
You hit the ice beast.
The ice beast is moderately wounded.
The ice beast misses you.
The ice beast hits you but does no damage.
You hit the ice beast but do no damage.
You bite the ice beast, but do no damage.
The ice beast is moderately wounded.
The ice beast barely misses you.
You hit the ice beast.
You bite the ice beast, but do no damage.
The ice beast is heavily wounded.
The ice beast hits you. The ice beast freezes you!
You hit the ice beast but do no damage.
The ice beast is heavily wounded.
The ice beast hits you. The ice beast freezes you!
* * * LOW HITPOINT WARNING * * *
Unknown command.
You hit the ice beast.
The ice beast is heavily wounded.
The ice beast misses you.
You closely miss the ice beast.
The ice beast is heavily wounded.
The ice beast closely misses you.
You hit the ice beast but do no damage.
The ice beast is heavily wounded.
The ice beast barely misses you.
You barely miss the ice beast.
The ice beast is heavily wounded.
The ice beast hits you.
You die...

.#.##.......##.# #.....##
.#.##.#####.##.####.#....#
.#.##.# #.##...........#
##....# #.........#.##.#
###### ########.#..Y#.#
#.......# ###########.#.#
############..>..#.....#.#
.............###@#...#####
############.# #Y###.# #.#
#.....# #.# #.##### ###
###


You could see an ice beast.

Vanquished Creatures
  An adder (D:6)
  A shadow imp (D:6)
2 creatures vanquished.

Notes
Turn   | Place    | Note
-------+----------+-------------------------------------------
     0 | D:5      | Reached skill level 9 in Stealth
     0 | D:5      | Redcow54321 the Gnoll Delver began the quest for the Orb.
     0 | D:5      | Reached XP level 1. HP: 23/23 MP: 1/1
     8 | D:5      | Noticed a centaur
    38 | D:6      | Reached XP level 2. HP: 21/29 MP: 2/2
   149 | D:6      | Noticed an orc warrior
   163 | D:7      | Noticed an ogre
   290 | D:6      | Noticed an ice beast
   323 | D:6      | Slain by an ice beast

Illustrated notes

Levels and vault maps discovered:
D:5:      layout_rooms, tgw_kikubaaqudgha, kennysheep_slug_shrine,
          minmay_temple_entry_poolview
D:6:      layout_basic, nemelex_altar_shiori, cheibrodos_sewer_entry_sluice,
          minivault_23
D:7:      layout_basic, mainiacjoe_overflow_paths, nicolae_uskayaw_suspiria,
          mainiacjoe_overflow_swirl, st_stairs_8, uniq_menkaure

Skill      XL: | |
---------------+-+-----
Stealth        | |  9.5
Fighting       | |  6.5
Short Blades   | |  0.5
Long Blades    | |  4.5
Axes           | |  0.5
Maces & Flails | |  0.5
Polearms       | |  0.5
Staves         | |  0.5
Slings         | |  0.5
Bows           | |  0.5
Crossbows      | |  0.5
Throwing       | |  0.5
Armour         | |  0.5
Dodging        | |  4.5
Shields        | |  0.5
Unarmed Combat | |  0.5
Spellcasting   | |  0.5
Conjurations   | |  0.3
Hexes          | |  0.3
Summonings     | |  0.3
Necromancy     | |  0.3
Translocations | |  0.3
Transmutations | |  0.3
Fire Magic     | |  0.3
Ice Magic      | |  0.3
Air Magic      | |  0.3
Earth Magic    | |  0.3
Poison Magic   | |  0.3
Invocations    | |  0.6
Evocations     | |  0.5

Action                   || total
-------------------------++-------
Melee: Falchion          ||    22
       Bite              ||     2
 Stab: Sleeping          ||     1
Armor: Leather armour    ||     4
Dodge: Dodged            ||    14

Table legend: (Time is in decaauts)
 A = Elapsed time spent in this place.
 B = Non-inter-level travel time spent in this place.
 C = Inter-level travel time spent in this place.
 D = Time resting spent in this place.
 E = Time spent auto-exploring this place.
 F = Levels seen in this place.
 G = Mean time per level.
                   A        B        C        D        E       F      G
               +--------+--------+--------+--------+--------+-----+--------+
         Total |    324 |    193 |    131 |      0 |    108 |   3 |  108.0 |
       Dungeon |    324 |    193 |    131 |      0 |    108 |   3 |  108.0 |
               +--------+--------+--------+--------+--------+-----+--------+

Top non-repeatable levels by time:
     D:6: 281 daAuts
     D:5: 23 daAuts
     D:7: 20 daAuts
